 Dungeon Crawl Stone Soup version 0.19.5 (webtiles) character file.

971 Gargoyl the Skirmisher (level 8, -5/67 (68) HPs)
             Began as a Ghoul Abyssal Knight on Apr 10, 2017.
             Was a Believer of Lugonu.
             Slain by an orc warrior
             ... wielding a +0 battleaxe
              (20 damage)
             ... on level 5 of the Dungeon.
             The game lasted 00:11:25 (5667 turns).

Gargoyl the Skirmisher (Ghoul Abyssal Knight)       Turns: 5667, Time: 00:11:26

HP:   -5/67 (68)    AC: 14    Str: 16      XL:     8   Next: 16%
MP:   10/10         EV:  4    Int:  7      God:    Lugonu [**....]
Gold: 299           SH:  7    Dex:  5 (10) Spells: 0 memorised, 7 levels left

rFire  + . .     SeeInvis .     t - +0 broad axe (flame)
rCold  + . .     Gourm    .     g - +0 chain mail
rNeg   + + +     Faith    .     h - +0 shield
rPois  ∞         Spirit   .     (no helmet)
rElec  .         Reflect  .     y - +0 cloak
rCorr  .         Harm     .     i - +0 pair of gloves
MR     .....                    d - +1 pair of boots
Stlth  ..........               (no amulet)
                                (no ring)
                                q - ring of protection from fire

@: rotting
A: rotting body, claws 1, carnivore 3, cold resistance 1, negative energy
resistance 3, slow regeneration 1, torment resistance, unbreathing
a: Depart the Abyss, Bend Space, Renounce Religion


You were on level 5 of the Dungeon.
You worshipped Lugonu.
Lugonu was pleased with you.
You were not hungry.

You visited 1 branch of the dungeon, and saw 6 of its levels.
You visited the Abyss 1 time.

You collected 299 gold pieces.

Inventory:

Hand Weapons
 a - a +2 hand axe
 t - a +0 broad axe of flaming (weapon)
Armour
 d - a +1 pair of boots (worn)
 g - a +0 chain mail (worn)
 h - a +0 shield (worn)
 i - a +0 pair of gloves (worn)
 y - a +0 cloak (worn)
Jewellery
 q - a ring of protection from fire (left hand)
Wands
 n - a wand of lightning (0/15)
Scrolls
 k - 2 scrolls of amnesia
 l - a scroll of fear
 s - 4 scrolls of teleportation
 v - a scroll of remove curse
Potions
 b - a potion of curing
 e - a potion of might {unknown}
 f - a potion of beneficial mutation {unknown}
 o - a potion of agility {unknown}
 u - a potion of lignification {unknown}
 w - a potion of brilliance {unknown}
Comestibles
 c - 3 meat rations
 j - a slice of pizza
 p - a royal jelly
 r - 4 beef jerkies


   Skills:
 + Level 5.0 Fighting
 + Level 4.2 Axes
 * Level 5.0 Armour
 + Level 1.5 Dodging
 + Level 2.4 Shields
 * Level 4.4 Invocations
 + Level 0.1 Evocations


You had 7 spell levels left.
You didn't know any spells.

Dungeon Overview and Level Annotations

Branches:
Dungeon (6/15)
 Temple: D:4-7

Altars:
Ashenzari
Dithmenos
Elyvilon
Nemelex Xobeh
Okawaru
Qazlal
Xom
Zin

Shops:
D:5 (


Innate Abilities, Weirdness & Mutations

Your body is rotting away.
You thrive on raw meat.
You are immune to poison.
You have sharp fingernails.
You are carnivorous and can eat meat at any time.
Your flesh is cold resistant. (rC+)
You are immune to negative energy. (rN+++)
You regenerate slowly when monsters are visible.
You are immune to unholy pain and torment.
You can survive without breathing.


Message History

The orc warrior is almost dead.
The orc warrior hits you with a battleaxe.
You barely miss the orc warrior.
The orc warrior is almost dead.
You block the orc warrior's attack.
You closely miss the orc warrior.
The orc warrior is almost dead.
The orc warrior barely misses you.
You closely miss the orc warrior.
The orc warrior is almost dead.
The orc warrior hits you with a battleaxe.
You hit the orc warrior but do no damage.
The orc warrior is almost dead.
You block the orc warrior's attack.
The orc warrior hits you with a battleaxe!
* * * LOW HITPOINT WARNING * * *
You closely miss the orc warrior.
The orc warrior is almost dead.
The orc warrior hits you with a battleaxe!!
You die...

....)...........#### #.#
#)..# ................##
#.# #...#
.................# #####.#
#.).# ...............#.#
#.....# ##'##
...............#.###.##..#
#.##
.....................##..#
##.#
.............o.oo....##..#
#.#
.............>.#o###.##..#
##.
..............o#@#.......#
##.#
...............#........##
##...
.........................#
#....
...............###########
##..# ...............#
##.... ...............#
#....# ...............#
######...##
...............##
#......####
...........(....#
#.##.......


You could see an orc warrior and 2 orcs.

Vanquished Creatures
  Sigmund (D:5)
  2 ice beasts (D:5)
  An ogre (D:4)
  A phantom (D:5)
  Crazy Yiuf (D:5)
  2 worker ants
  15 gnolls
  4 adders
  A shadow imp (D:5)
  3 oozes
  5 worms
  2 dart slugs (D:3)
  4 leopard geckos
  15 orcs
  2 ball pythons
  4 bats
  3 giant cockroaches
  9 goblins
  12 hobgoblins
  3 jackals (D:4)
  8 kobolds
  3 quokkas
  2 frilled lizards
  7 rats
110 creatures vanquished.

Vanquished Creatures (others)
  The ghost of smzp the Poker, an amateur MfGl (D:4)
  A quasit (D:5)
2 creatures vanquished.

Grand Total: 112 creatures vanquished

Notes
Turn   | Place    | Note
-------+----------+-------------------------------------------
     0 | Abyss:1  | Gargoyl the Ghoul Abyssal Knight began the quest for the Orb.
     0 | Abyss:1  | Reached XP level 1. HP: 19/19 MP: 1/1
    66 | Abyss:3  | Noticed a worldbinder
    73 | Abyss:4  | Noticed a tentacled starspawn
    73 | Abyss:4  | Noticed a starcursed mass
    73 | Abyss:4  | Noticed a starcursed mass
    74 | D:1      | Escaped the Abyss
   378 | D:1      | Found a shimmering altar of Xom.
   523 | D:1      | Reached * piety under Lugonu
   523 | D:1      | Reached XP level 2. HP: 26/26 MP: 2/2
  1045 | D:2      | Reached skill level 1 in Dodging
  1045 | D:2      | Reached XP level 3. HP: 30/33 MP: 3/3
  1057 | D:2      | Reached XP level 4. HP: 34/40 MP: 4/4
  1657 | D:2      | Reached XP level 5. HP: 35/46 MP: 6/6
  1672 | D:2      | Reached skill level 1 in Shields
  1800 | D:2      | Reached ** piety under Lugonu
  2463 | D:3      | Reached XP level 6. HP: 38/53 MP: 7/7
  2836 | D:4      | Noticed smzp's ghost (amateur MfGl)
  3633 | D:4      | You fall through a shaft!
  3633 | D:5      | Entered Level 5 of the Dungeon
  3636 | D:5      | Noticed Sigmund
  3646 | D:5      | Killed Sigmund
  3646 | D:5      | Reached XP level 7. HP: 51/60 MP: 8/8
  3695 | D:3      | Reached *** piety under Lugonu
  3853 | D:4      | Found a shadowy altar of Dithmenos.
  3881 | D:4      | Found a stormy altar of Qazlal.
  4155 | D:4      | Found a white marble altar of Elyvilon.
  4158 | D:4      | Found a shattered altar of Ashenzari.
  4161 | D:4      | Found a glowing silver altar of Zin.
  4186 | D:4      | Banished smzp's ghost
  4351 | D:4      | Found an iron altar of Okawaru.
  4431 | D:5      | Found Danoprae's Weapon Shoppe.
  5004 | D:5      | Reached XP level 8. HP: 42/67 MP: 10/10
  5038 | D:5      | Reached skill level 5 in Fighting
  5167 | D:5      | Found a runed door.
  5410 | D:5      | Noticed Crazy Yiuf
  5420 | D:5      | Killed Crazy Yiuf
  5420 | D:5      | Reached skill level 5 in Armour
  5477 | D:6      | Found a sparkling altar of Nemelex Xobeh.
  5667 | D:5      | Slain by an orc warrior

Skill      XL: |  1  2  3  4  5  6  7  8 |
---------------+-------------------------+-----
Axes           | 2 3 4 |  4.2
Dodging        | 1 |  1.5
Fighting       | 4 5 |  5.0
Armour         | 2 3 4 5 |  5.0
Shields        | 1 2 |  2.4
Invocations    | 3 4 |  4.4
Evocations     | |  0.1

Action                   |  1- 3 |  4- 6 |  7- 9 || total
-------------------------+-------+-------+-------++-------
Melee: Hand axe          |    67 |   198 |       ||   265
       Broad axe         |       |    91 |   179 ||   270
Invok: Depart the Abyss  |     1 |       |       ||     1
       Banish            |       |       |     3 ||     3
Evoke: Wand              |     2 |       |       ||     2
  Use: Scroll            |     3 |     4 |     4 ||    11
       Potion            |       |     9 |       ||     9
 Stab: Invisible         |       |     5 |       ||     5
  Eat: Chunk             |     4 |    44 |    18 ||    66
Armor: Leather armour    |     5 |       |       ||     5
       Chain mail        |    33 |   188 |   222 ||   443
Dodge: Dodged            |    16 |    54 |    75 ||   145
Block: Shield            |    20 |   128 |   102 ||   250
